 Dungeon Crawl Stone Soup version 0.21.1-1-g345015f (webtiles) character file.

537 empire the Slasher (level 7, 0/57 HPs)
             Began as a Minotaur Fighter on Apr 18, 2018.
             Was a Follower of Cheibriados.
             Slain by an ice beast (11 damage)
             ... on level 5 of the Dungeon.
             The game lasted 00:08:36 (4566 turns).

empire the Slasher (Minotaur Fighter)               Turns: 4566, Time: 00:08:37

Health: 0/57       AC:  7    Str: 23    XL:     7   Next: 5%
Magic:  6/6        EV: 10    Int:  8    God:    Cheibriados [*.....]
Gold:   206        SH: 10    Dex: 15    Spells: 6/6 levels left

rFire    . . .     SeeInvis .   a - +0 long sword
rCold    . . .     Gourm    .   c - +0 shield
rNeg     . . .     Faith    .   b - +0 scale mail
rPois    .         Spirit   .   (helmet restricted)
rElec    .         Reflect  .   (no cloak)
rCorr    .         Harm     .   (no gloves)
MR       .....                  (no boots)
Stlth    ..........             (no amulet)
HPRegen  0.19/turn              (no ring)
MPRegen  0.10/turn              (no ring)

@: lethally poisoned (0 -> 0), very slow
A: retaliatory headbutt, horns 2
a: Bend Time, Renounce Religion


You were on level 5 of the Dungeon.
You worshipped Cheibriados.
Cheibriados was aware of your devotion.
You were not hungry.

You visited 2 branches of the dungeon, and saw 6 of its levels.

You collected 206 gold pieces.

Inventory:

Hand Weapons
 a - a +0 long sword (weapon)
 d - a +4 quarterstaff of chaos
Missiles
 y - 5 steel tomahawks (quivered)
 A - 6 javelins
 C - 8 tomahawks
Armour
 b - a +0 scale mail (worn)
 c - a +0 shield (worn)
 e - a +0 cloak
 h - a +0 chain mail
Jewellery
 j - a +3 ring of intelligence {unknown}
 o - an uncursed ring of poison resistance {unknown}
 t - the ring "Kufuuqoe" {rPois rC+ Int+9 Dex-2 Stlth-, unknown}
   (You found it on level 4 of the Dungeon)

   [ring of loudness]

   It affects your intelligence (+9).
   It affects your dexterity (-2).
   It protects you from cold.
   It protects you from poison.
   It makes you less stealthy.
 v - a cursed ring of protection from fire {unknown}
Scrolls
 i - a scroll of enchant armour {unknown}
 n - 8 scrolls of identify {unknown}
 p - 2 scrolls of enchant weapon {unknown}
 q - a scroll of random uselessness {unknown}
 s - 2 scrolls of teleportation {unknown}
 w - a scroll of amnesia {unknown}
 x - a scroll of remove curse {unknown}
 z - a scroll of magic mapping {unknown}
 B - a scroll of immolation {unknown}
Potions
 g - 3 potions of brilliance {unknown}
 k - a potion of experience {unknown}
 l - 2 potions of heal wounds {unknown}
 m - a potion of invisibility {unknown}
 r - a potion of degeneration {unknown}
Books
 u - a book of Necromancy

   Spells                             Type                      Level
   a - Pain                           Necromancy                   1
   b - Animate Skeleton               Necromancy                   1
   c - Vampiric Draining              Necromancy                   3
   d - Regeneration                   Charms/Necromancy            3
   e - Animate Dead                   Necromancy                   4
   f - Borgnjor's Vile Clutch         Necromancy/Earth             5
Comestibles
 f - 8 rations


   Skills:
 - Level 3.6 Fighting
 - Level 5.1 Long Blades
 + Level 2.7 Throwing
 - Level 5.0 Armour
 + Level 4.0 Dodging
 - Level 5.0 Shields


You had 6 spell levels left.
You didn't know any spells.

Dungeon Overview and Level Annotations

Branches:
Dungeon (5/15)             Temple (1/1) D:4

Altars:
Ashenzari
Cheibriados
Dithmenos
Elyvilon
Fedhas
Gozag
Hepliaklqana
Kikubaaqudgha
Makhleb
Nemelex Xobeh
Qazlal
Ru
Sif Muna
Trog
Vehumet
Yredelemnul
Zin
The Shining One


Innate Abilities, Weirdness & Mutations

You reflexively headbutt those who attack you in melee.
You have a pair of horns on your head.


Message History

The ice beast closely misses you.
You riposte.
You hit the ice beast.
You headbutt the ice beast, but do no damage.
The ice beast is severely wounded.
You completely miss the ice beast.
The ice beast is severely wounded.
The ice beast closely misses you.
You hit the ice beast. You headbutt the ice beast.
The ice beast is almost dead.
The ice beast hits you but does no damage.
You closely miss the ice beast.
The ice beast is almost dead.
You feel sick. The ice beast hits you. The ice beast freezes you!
You barely miss the ice beast.
The ice beast is almost dead.
The ice beast hits you. The ice beast freezes you!
* * * LOW HITPOINT WARNING * * *
The ice beast hits you.
* * * LOW HITPOINT WARNING * * *
The ice beast freezes you!
You die...

# #########.#
........#.#
%.........#
###Y#.# #..@..# #
###.#.#.## .
#...>....# #.
####.#.#.#..#
##.##....†......#
#........#####..#
#...............#
#.###.#########...
###...#.######
.###


You could see an ice beast.

Vanquished Creatures
  A centaur (D:5)
  Crazy Yiuf (D:2)
  4 orc wizards
  2 worker ants
  A hound skeleton (D:4)
  Robin (D:4)
  6 adders
  3 gnolls (D:3)
  A shadow imp (D:5)
  3 oozes
  An adder zombie (D:5)
  2 worms
  3 dart slugs
  5 leopard geckos
  11 orcs
  5 ball pythons
  3 giant cockroaches
  15 goblins
  11 hobgoblins
  11 jackals
  3 quokkas
  10 bats
  6 frilled lizards
  A jackal zombie (D:5)
  7 kobolds
  A leopard gecko zombie (D:4)
  6 rats
124 creatures vanquished.

Notes
Turn   | Place    | Note
-------+----------+-------------------------------------------
     0 | D:1      | empire the Minotaur Fighter began the quest for the Orb.
     0 | D:1      | Reached XP level 1. HP: 19/19 MP: 0/0
   157 | D:1      | Reached XP level 2. HP: 10/26 MP: 1/1
   281 | D:1      | Reached XP level 3. HP: 24/31 MP: 2/2
   994 | D:2      | Found a hazy altar of Hepliaklqana.
  1080 | D:2      | Reached XP level 4. HP: 39/39 MP: 3/3
  1148 | D:2      | Found a runed door.
  1385 | D:2      | Noticed Crazy Yiuf
  1408 | D:2      | Killed Crazy Yiuf
  1408 | D:2      | Reached skill level 5 in Long Blades
  1781 | D:3      | Found a deep blue altar of Sif Muna.
  1784 | D:3      | Found a shattered altar of Ashenzari.
  1938 | D:3      | Reached skill level 5 in Armour
  1973 | D:3      | Reached XP level 5. HP: 45/45 MP: 4/4
  1980 | D:3      | Reached skill level 1 in Dodging
  2251 | D:3      | Found a shadowy altar of Dithmenos.
  2691 | D:4      | Got a smoking platinum ring
  2774 | D:4      | Found a staircase to the Ecumenical Temple.
  2802 | Temple   | Entered the Ecumenical Temple
  2982 | Temple   | Became a worshipper of Cheibriados the Contemplative
  3213 | D:4      | Noticed Robin
  3224 | D:4      | Reached XP level 6. HP: 42/51 MP: 5/5
  3225 | D:4      | Reached * piety under Cheibriados
  3231 | D:4      | Killed Robin
  4103 | D:5      | Entered Level 5 of the Dungeon
  4109 | D:5      | Reached skill level 1 in Throwing
  4109 | D:5      | Reached skill level 5 in Shields
  4486 | D:5      | Reached XP level 7. HP: 57/57 MP: 6/6
  4566 | D:5      | Slain by an ice beast

Skill      XL: |  1  2  3  4  5  6  7 |
---------------+----------------------+-----
Long Blades    | 3 4 5 |  5.1
Armour         | 4 5 |  5.0
Dodging        | 2 3 4 |  4.0
Shields        | 4 5 |  5.0
Throwing       | 2 |  2.7
Fighting       | |  3.6

Action                   |  1- 3 |  4- 6 |  7- 9 || total
-------------------------+-------+-------+-------++-------
Melee: Long sword        |    88 |   201 |    20 ||   309
       Headbutt          |    12 |    44 |     9 ||    65
  Use: Potion            |       |     2 |       ||     2
  Eat: Chunk             |     1 |     9 |       ||    10
Armor: Scale mail        |    48 |   103 |     6 ||   157
Dodge: Dodged            |    21 |    81 |     5 ||   107
Block: Shield            |    53 |   144 |     9 ||   206
       Rpst.: Long sword |     6 |    22 |     2 ||    30
